 Dungeon Crawl Stone Soup version 0.26-a0-649-gf8c6c3aab7 (webtiles) character file.

Game seed: 4103329934182546003

11248 grandjackal the Reanimator (level 11, -7/86 (87) HPs)
             Began as a Demonspawn Necromancer on Sept 28, 2020.
             Was a Priest of Nemelex Xobeh.
             Mangled by Urug
             ... wielding a +6 eveningstar of protection
              (38 damage)
             ... on level 12 of the Dungeon.
             The game lasted 00:28:02 (15393 turns).

grandjackal the Reanimator (DsNe)                  Turns: 15393, Time: 00:28:03

HP:   -7/86 (87)    AC:  8    Str: 11    XL:     11   Next: 46%
MP:   18/18         EV: 17    Int: 16    God:    Nemelex Xobeh [***...]
Gold: 795           SH:  5    Dex: 15    Spells: 7/20 levels left

rFire    . . .     SeeInvis .   c - +2 dagger (pain)
rCold    . . .     Faith    .   y - +0 buckler
rNeg     . . .     Spirit   .   B - +2 robe {MR+}
rPois    .         Reflect  .   (no helmet)
rElec    .         Harm     .   (no cloak)
rCorr    .         Rampage  .   (no gloves)
MR       +....                  (no boots)
Stlth    +++.......             w - amulet of magic regeneration
HPRegen  0.24/turn              b - +4 ring of protection
MPRegen  0.41/turn              u - ring of stealth

@: agile
A: claws 1, powered by death 2, powered by pain 2
a: Draw Escape, Draw Destruction, Draw Summoning, Triple Draw, Renounce Religion


You were on level 12 of the Dungeon.
You worshipped Nemelex Xobeh.
Nemelex Xobeh was most pleased with you.
You visited 1 branch of the dungeon, and saw 12 of its levels.

You collected 795 gold pieces.

Inventory:

Hand Weapons
 c - a +2 dagger of pain (weapon)
Missiles
 t - 8 curare-tipped darts (quivered)
 G - 2 throwing nets
Armour
 a - a +0 kite shield
 i - a +2 scale mail of cold resistance
 y - a +0 buckler (worn)
 B - a +2 robe of magic resistance (worn)
Jewellery
 b - a +4 ring of protection (left claw)
 u - a ring of stealth (right claw)
 v - an uncursed ring of poison resistance
 w - an amulet of magic regeneration (around neck)
 I - a +4 ring of evasion
Wands
 z - a wand of iceblast (9)
 E - a wand of enslavement (4)
Scrolls
 d - 8 scrolls of teleportation
 e - 6 scrolls of remove curse
 g - 3 scrolls of amnesia
 k - a scroll of magic mapping {unknown}
 l - 4 scrolls of blinking
 n - 3 scrolls of enchant armour
 r - 4 scrolls of immolation
 C - a scroll of enchant weapon {unknown}
 F - 2 scrolls of fear {unknown}
Potions
 f - a potion of lignification
 h - 3 potions of haste
 j - a potion of cancellation {unknown}
 m - 7 potions of curing
 o - a potion of brilliance {unknown}
 p - 7 potions of heal wounds {unknown}
 q - 3 potions of flight {unknown}
 s - a potion of ambrosia {unknown}
 x - a potion of resistance {unknown}
 A - a potion of stabbing {unknown}
 D - a potion of mutation {unknown}
 H - 2 potions of berserk rage {unknown}


   Skills:
 + Level 8.4 Fighting
 + Level 7.5 Short Blades
 - Level 1.7 Dodging
 - Level 1.7 Stealth
 + Level 5.9 Shields
 - Level 5.0 Spellcasting
 + Level 10.2 Necromancy
 + Level 9.8 Invocations


You had 7 spell levels left.
You knew the following spells:

 Your Spells              Type           Power        Failure   Level
a - Pain                  Necr           ####         1%          1
b - Vampiric Draining     Necr           #####.....   1%          3
c - Animate Dead          Necr           #####.....   2%          4
d - Agony                 Necr           #####...     6%          5

Your spell library contained the following spells:

 Spells                   Type           Power        Failure   Level
 Animate Skeleton         Necr           #####.       1%          1
 Confusing Touch          Hex            #.......     41%         3
 Gell's Gravitas          Tloc           #.........   41%         3
 Petrify                  Tmut/Erth      #.......     83%         4
 Metabolic Englaciation   Hex/Ice        #.........   99%         5
 Yara's Violent Unravell  Hex/Tmut       #.........   99%         5


Dungeon Overview and Level Annotations

Branches:
Dungeon (12/15)            Temple (0/1) D:7            Lair (0/6) D:9
    Orc (0/2) D:9

Altars:
Ashenzari
Cheibriados
Dithmenos
Fedhas
Gozag
Hepliaklqana
Kikubaaqudgha
Nemelex Xobeh
Okawaru
Sif Muna
Trog
Uskayaw
Yredelemnul
Zin
The Shining One

Shops:
D:4 (

Annotations:
D:12 Psyche, Urug


Innate Abilities, Weirdness & Mutations

You have sharp fingernails.
You regenerate health from kills.
You sometimes gain power by taking damage.


Message History

Aim: Urug, wielding a +6 eveningstar of protection, wearing a +0 chain mail and quivering 5 javelins (lightly wounded, strong)
You throw a curare-tipped dart.
The curare-tipped dart completely misses Urug.
Psyche the Insane Magess comes into view.
She is wielding a +4 dagger of distortion.
Throwing (i - inventory. (/) - cycle)
t - 10 curare-tipped darts (quivered)
Press: ? - help, Shift-Dir - straight line, f/p - Urug
Aim: Urug, wielding a +6 eveningstar of protection, wearing a +0 chain mail and quivering 5 javelins (lightly wounded, strong)
You throw a curare-tipped dart.
The curare-tipped dart closely misses Urug.
Urug barely misses you.
Unknown command.
Throwing (i - inventory. (/) - cycle)
t - 9 curare-tipped darts (quivered)
Press: ? - help, Shift-Dir - straight line, f/p - Urug
Aim: Urug, wielding a +6 eveningstar of protection, wearing a +0 chain mail and quivering 5 javelins (lightly wounded, strong)
You throw a curare-tipped dart. The curare-tipped dart hits Urug.
Urug is poisoned.
Urug convulses.
Urug seems to slow down.
Urug is lightly wounded.
Urug hits you with a +6 eveningstar of protection!!!
You die...
Your body disappears without a glow.

#..# #..# #.)# #(.#
....... #..# #..#
....... ###..# #..#
..@.... .....# #..#
..... .....# #..# ....
###..# #..# ..#
#..#####..#####..#
#.............@..#
#..............o.#
###..#####..#####......
.....# #..# ..(....
.....# #..# ..#####
###..# #..# ..#
#..#####..# ..#
#.......... ..#
###..........


You could see Urug (strong, very poisoned, slow) and Psyche.

Vanquished Creatures
  Snorg (D:10)
  A hydra (D:11)
  3 two-headed ogres (D:11)
  Sonja (D:11)
  Pikel (D:7)
  An ugly thing (D:12)
  A centaur zombie (D:11)
  A centaur skeleton (D:12)
  2 hippogriffs (D:10)
  2 slime creatures
  A wyvern (D:11)
  Grum (D:9)
  A soldier ant (D:12)
  2 orc warriors
  2 sky beasts
  2 ice beasts
  2 phantoms
  2 necrophages
  4 wolves (D:9)
  An ogre (D:11)
  6 centaurs
  A big kobold (D:7)
  6 bullfrogs
  3 scorpions
  5 killer bees (D:10)
  10 wights
  2 howler monkeys
  6 jellies
  3 bullfrog zombies
  6 orc priests
  6 hounds
  A bullfrog skeleton (D:4)
  3 iguanas
  10 orc wizards
  8 worker ants
  Terence (D:2)
  2 hound zombies
  2 hound skeletons
  3 gnolls
  A howler monkey skeleton (D:4)
  16 adders
  5 shadow imps
  3 white imps
  4 adder skeletons
  7 worms
  2 dart slugs
  5 leopard geckos
  39 orcs
  4 giant cockroaches
  9 goblins
  7 hobgoblins
  10 jackals
  2 quokkas
  3 ball pythons
  6 bats
  4 frilled lizards
  A goblin zombie (D:6)
  12 kobolds
  2 leopard gecko skeletons
  9 rats
  A rat zombie (D:6)
268 creatures vanquished.

Vanquished Creatures (collateral kills)
  A two-headed ogre (D:9)
  A wight (D:11)
2 creatures vanquished.

Vanquished Creatures (others)
  A centaur (D:10)
  A wight (D:11)
2 creatures vanquished.

Grand Total: 272 creatures vanquished

Notes
Turn   | Place    | Note
-------+----------+-------------------------------------------
     0 | D:1      | grandjackal the Demonspawn Necromancer began the quest for
                  | the Orb.
     0 | D:1      | Reached XP level 1. HP: 13/13 MP: 3/3
   691 | D:1      | Gained mutation: You sometimes gain a little power by
                  | taking damage. [demonic ancestry]
   691 | D:1      | Reached XP level 2. HP: 6/20 MP: 0/5
  1101 | D:1      | Reached skill level 1 in Fighting
  1147 | D:1      | Found an iron altar of Okawaru.
  2097 | D:2      | Gained mutation: You regenerate a little health from kills.
                  | [demonic ancestry]
  2097 | D:2      | Reached XP level 3. HP: 20/26 MP: 6/6
  2291 | D:1      | Learned a level 3 spell: Vampiric Draining
  2475 | D:2      | HP: 1/26 [gnoll/+0 halberd (12)]
  3063 | D:2      | Reached skill level 1 in Short Blades
  3063 | D:2      | Reached XP level 4. HP: 33/33 MP: 8/8
  3113 | D:2      | Reached skill level 5 in Necromancy
  3201 | D:2      | Noticed Terence
  3210 | D:2      | Killed Terence
  3800 | D:3      | Learned a level 4 spell: Animate Dead
  3823 | D:3      | Reached XP level 5. HP: 32/38 MP: 9/9
  4225 | D:3      | Found a shadowy altar of Dithmenos.
  4747 | D:4      | Found an opulent altar of Gozag.
  4809 | D:4      | Found Cunaox's Antique Weapon Emporium.
  4816 | D:4      | Found a shadowy altar of Dithmenos.
  5349 | D:4      | Noticed a phantom
  5452 | D:4      | Gained mutation: You regenerate health from kills. [demonic
                  | ancestry]
  5452 | D:4      | Reached XP level 6. HP: 44/46 MP: 11/11
  5656 | D:4      | Reached skill level 6 in Necromancy
  5702 | D:4      | Found a glowing silver altar of Zin.
  5702 | D:4      | Found a basalt altar of Yredelemnul.
  5710 | D:4      | Found a sparkling altar of Nemelex Xobeh.
  5712 | D:4      | Found a hide-covered altar of Uskayaw.
  5714 | D:4      | Found a glowing golden altar of the Shining One.
  5722 | D:4      | Became a worshipper of Nemelex Xobeh the Trickster
  6138 | D:5      | Entered Level 5 of the Dungeon
  6290 | D:5      | Reached skill level 1 in Invocations
  6290 | D:5      | Reached XP level 7. HP: 37/52 MP: 5/12
  6618 | D:5      | You fall into a shaft and drop 2 floors!
  6895 | D:7      | Reached * piety under Nemelex Xobeh
  6901 | D:7      | Found a staircase to the Ecumenical Temple.
  6921 | D:7      | Gained mutation: You sometimes gain power by taking damage.
                  | [demonic ancestry]
  6921 | D:7      | Reached XP level 8. HP: 52/60 MP: 14/14
  7097 | D:7      | Received a gift from Nemelex Xobeh
  7177 | D:7      | Learned a level 5 spell: Agony
  7305 | D:6      | Reached skill level 7 in Necromancy
  8076 | D:5      | Reached skill level 5 in Spellcasting
  8480 | D:6      | Reached skill level 5 in Fighting
  8784 | D:6      | Reached skill level 1 in Shields
  9096 | D:7      | Reached skill level 5 in Invocations
  9354 | D:7      | Reached ** piety under Nemelex Xobeh
  9630 | D:7      | Reached XP level 9. HP: 41/67 MP: 0/16
  9920 | D:8      | Noticed Pikel
  9933 | D:7      | Killed Pikel
  9933 | D:7      | Reached skill level 5 in Short Blades
 10058 | D:8      | Found a glowing golden altar of the Shining One.
 10238 | D:8      | Reached skill level 8 in Necromancy
 10620 | D:8      | Found a snail-covered altar of Cheibriados.
 10620 | D:8      | Found a bloodstained altar of Trog.
 10784 | D:8      | Found an ancient bone altar of Kikubaaqudgha.
 10787 | D:8      | Found a blossoming altar of Fedhas.
 10789 | D:8      | Found a faded altar of an unknown god.
 11276 | D:9      | Found a broken altar of Ashenzari.
 11279 | D:9      | Found a hazy altar of Hepliaklqana.
 11350 | D:9      | Noticed a two-headed ogre
 11364 | D:9      | Killed a two-headed ogre
 11395 | D:9      | Found a shimmering blue altar of Sif Muna.
 11471 | D:9      | Found a staircase to the Orcish Mines.
 11474 | D:9      | Received a gift from Nemelex Xobeh
 11715 | D:9      | Reached XP level 10. HP: 67/76 MP: 11/17
 11795 | D:9      | Reached *** piety under Nemelex Xobeh
 11823 | D:9      | Found a staircase to the Lair.
 11982 | D:10     | Entered Level 10 of the Dungeon
 12025 | D:10     | Noticed Snorg
 12095 | D:10     | Noticed Grum
 12106 | D:9      | Killed Grum
 12406 | D:10     | Killed Snorg
 12406 | D:10     | Reached skill level 9 in Necromancy
 13394 | D:11     | Noticed a six-headed hydra
 13399 | D:11     | Killed a six-headed hydra
 13399 | D:11     | Reached skill level 5 in Shields
 13997 | D:11     | Noticed Sonja
 13999 | D:11     | Noticed a two-headed ogre
 14018 | D:11     | Killed a two-headed ogre
 14018 | D:11     | Gained mutation: You have sharp fingernails. [demonic
                  | ancestry]
 14018 | D:11     | Reached XP level 11. HP: 36/85 MP: 14/18
 14019 | D:11     | Killed Sonja
 14039 | D:11     | HP: 4/85 [poisoned by Sonja (curare-tipped dart)]
 14045 | D:11     | HP: 4/85 [poisoned by Sonja (curare-tipped dart)]
 14053 | D:11     | HP: 4/85 [poisoned by Sonja (curare-tipped dart)]
 14474 | D:11     | Noticed a two-headed ogre
 14486 | D:11     | Killed a two-headed ogre
 14735 | D:11     | Reached skill level 10 in Necromancy
 14986 | D:11     | Noticed a two-headed ogre
 14991 | D:11     | Killed a two-headed ogre
 15210 | D:12     | Noticed a cyan ugly thing
 15217 | D:12     | Killed a cyan ugly thing
 15386 | D:12     | Noticed Urug
 15391 | D:12     | Noticed Psyche
 15393 | D:12     | Mangled by Urug

Illustrated notes

Levels and vault maps discovered:
D:1:      dpeg_arrival_pond, layout_basic, okawaru_ov_weapons_minmay
D:2:      layout_loops_ring, hex_medium, minmay_tromino_v7, uniq_terence
D:3:      layout_basic, grunt_dithmenos_smoke_and_mirrors
D:4:      layout_basic, minitemple, serial_shops, shop,
          nicolae_gozag_seed_capital
D:5:      layout_basic
D:6:      layout_basic, enter_ossuary_4
D:7:      layout_basic, minmay_temple_entry_mini_moons
D:8:      layout_loops_cross, chequers_temple_overflow_minitemple, basic_altar,
          uniq_pikel
D:9:      layout_long_grid, led_sif_book, overflow_temple_1_default,
          cheibrodos_ashenzari_chains, lair_entry_dummy, hiddenorc2_lemuel
D:10:     nicolae_whirlpool, layout_rooms, uniq_snorg, uniq_grum
D:11:     layout_loops_ring, uniq_sonja
D:12:     layout_small_grid, minmay_more_statues, uniq_rupert, uniq_psyche,
          uniq_gastronok, uniq_urug

Skill      XL: |  1  2  3  4  5  6  7  8  9 10 11 |
---------------+----------------------------------+-----
Fighting       | 1 2 3 4 5 6 7 8 |  8.4
Short Blades   | 1 2 3 4 5 7 |  7.5
Necromancy     | 5 6 7 8 9 10 | 10.2
Spellcasting   | 3 4 5 |  5.0
Invocations    | 1 3 5 7 9 |  9.8
Shields        | 1 3 5 |  5.9
Dodging        | |  1.7
Stealth        | |  1.7

Action                   |  1- 3 |  4- 6 |  7- 9 | 10-12 || total
-------------------------+-------+-------+-------+-------++-------
Melee: Unarmed           |    25 |       |       |       ||    25
       Dagger            |    51 |   199 |   569 |   268 ||  1087
Throw: Dart              |       |       |       |     4 ||     4
 Cast: Pain              |    34 |     3 |     5 |    21 ||    63
       Vampiric Draining |     3 |     7 |    35 |    42 ||    87
Invok: Draw Destruction  |       |       |     7 |     5 ||    12
       Draw Summoning    |       |       |     1 |     1 ||     2
Evoke: Wand              |       |    11 |     3 |    29 ||    43
  Use: Scroll            |       |     3 |     7 |     2 ||    12
       Potion            |       |       |     1 |     1 ||     2
 Stab: Sleeping          |     1 |     6 |     1 |     5 ||    13
       Distracted        |       |       |     1 |       ||     1
       Betrayed ally     |       |       |       |     1 ||     1
Armor: Robe              |    11 |    23 |   118 |    82 ||   234
       Skin              |       |       |    13 |    20 ||    33
Dodge: Dodged            |    69 |   127 |   233 |   144 ||   573
Block: Buckler           |       |       |    33 |    66 ||    99

Table legend: (Time is in decaauts)
 A = Elapsed time spent in this place.
 B = Non-inter-level travel time spent in this place.
 C = Inter-level travel time spent in this place.
 D = Time resting spent in this place.
 E = Time spent auto-exploring this place.
 F = Levels seen in this place.
 G = Mean time per level.
                   A        B        C        D        E       F      G
               +--------+--------+--------+--------+--------+-----+--------+
         Total |  15205 |  14605 |    600 |   4824 |   6715 |  12 | 1267.1 |
       Dungeon |  15205 |  14605 |    600 |   4824 |   6715 |  12 | 1267.1 |
               +--------+--------+--------+--------+--------+-----+--------+

Top non-repeatable levels by time:
     D:1: 2970 daAuts
    D:11: 1788 daAuts
     D:7: 1771 daAuts
     D:9: 1436 daAuts
     D:4: 1309 daAuts
     D:6: 1119 daAuts
     D:5: 1087 daAuts
     D:3: 1021 daAuts
     D:8: 934 daAuts
     D:2: 824 daAuts
    D:10: 781 daAuts
    D:12: 161 daAuts
